 Dungeon Crawl Stone Soup version 0.27-a0-242-ge0fc76b88b (webtiles) character file.

Game seed: 8916052682669482344

189 Borgoz the Slasher (level 5, -1/45 HPs)
             Began as a Ghoul Gladiator on Feb 2, 2021.
             Slain by Grinder (10 damage)
             ... while paralysed by Grinder
             ... on level 3 of the Dungeon.
             The game lasted 00:02:33 (2739 turns).

Borgoz the Slasher (Ghoul Gladiator)                Turns: 2739, Time: 00:02:33

Health: -1/45      AC:  5    Str: 18    XL:     5   Next: 68%
Magic:  4/4        EV:  2    Int:  3    God:
Gold:   127        SH:  0    Dex: 11    Spells: 4/4 levels left

rFire    . . .     SeeInvis .   a - +0 long sword
rCold    + . .     Faith    .   (no shield)
rNeg     + + +     Spirit   .   b - +0 leather armour
rPois    ∞         Reflect  .   c - +0 helmet
rElec    .         Harm     .   f - +0 cloak
rCorr    .         Rampage  .   (no gloves)
Will     .....                  (no boots)
Stlth    +.........             (no amulet)
HPRegen  0.00/turn              (no ring)
MPRegen  0.09/turn              (no ring)

@: paralysed
A: claws 1, cold resistance 1, negative energy resistance 3, inhibited
regeneration, torment resistance, unbreathing
a: no special abilities


You were on level 3 of the Dungeon.
You visited 1 branch of the dungeon, and saw 3 of its levels.

You collected 127 gold pieces.

Inventory:

Hand Weapons
 a - a +0 long sword (weapon)
Missiles
 d - 2 throwing nets (quivered)
Armour
 b - a +0 leather armour (worn)
 c - a +0 helmet (worn)
 f - a +0 cloak (worn)
Jewellery
 p - an uncursed ring of flight
Scrolls
 g - 2 scrolls of identify {unknown}
 i - a scroll of remove curse {unknown}
 j - a scroll of fear
 n - a scroll of blinking {unknown}
 o - a scroll of teleportation {unknown}
Potions
 h - a potion of invisibility
 l - a potion of haste {unknown}
 m - a potion of attraction {unknown}


   Skills:
 + Level 3.5 Fighting
 * Level 4.3 Long Blades
 - Level 1.7 Throwing
 + Level 2.2 Armour
 - Level 2.6 Dodging


You had 4 spell levels left.
You didn't know any spells.
Your spell library was empty.

Dungeon Overview and Level Annotations

Branches:
Dungeon (3/15)

Altars:
Nemelex Xobeh
Ru

Annotations:
D:3 Grinder


Innate Abilities, Weirdness & Mutations

You thrive by killing the living.
You are immune to poison.
You have sharp fingernails.
Your flesh is cold resistant. (rC+)
You are immune to negative energy. (rN+++)
You do not regenerate when monsters are visible.
You are immune to unholy pain and torment.
You can survive without breathing.


Message History

Grinder barely misses you.
You riposte.
You hit Grinder.
Grinder is heavily wounded.
Grinder barely misses you.
Throw: 3 throwing nets
Press: ? - help, Q - select action Shift-Dir - straight line, f - Grinder
Aim: Grinder (heavily wounded, 52% to hit)
You throw a throwing net. The throwing net hits Grinder.
Grinder is caught in the net!
Grinder is heavily wounded.
Grinder struggles against the net.
You barely miss Grinder.
Grinder is heavily wounded.
Grinder gestures at you.
You suddenly lose the ability to move!
Grinder struggles against the net.
Grinder struggles against the net. x3
The net rips apart, and Grinder comes free!
Grinder hits you.
* * * LOW HITPOINT WARNING * * *
Grinder hits you!
You die...

## .......# .. .#
......# ).. .#
.....####'# [#
.........## .#
...#...... .#
....... .#
#######!)'#######
##
#######@5.#######
######
#§§§°.#...#.☼○§°#
.....#
#☼°§☼.#.⌠.#°§°§☼#
.....#
#°°§§☼#...#§§§§☼#
.....#
#○☼°○°#...#○§°☼.#
.....#
#☼§§§§#...#☼°○§.#
.....###
#######...#######
..<..(.#
⌠......._.......⌠
.......#
#######...#######


You could see Grinder.

Vanquished Creatures
  4 gnolls
  4 adders (D:2)
  2 white imps (D:3)
  A worm (D:2)
  6 dart slugs
  5 orcs (D:3)
  6 giant cockroaches
  10 goblins
  7 hobgoblins
  2 jackals (D:1)
  6 kobolds
  A quokka (D:2)
  A ball python (D:3)
  7 bats
  4 frilled lizards
  5 rats
71 creatures vanquished.

Vanquished Creatures (others)
  An adder (D:2)
  An ooze (D:2)
  A dart slug (D:2)
3 creatures vanquished.

Grand Total: 74 creatures vanquished

Notes
Turn   | Place    | Note
-------+----------+-------------------------------------------
     0 | D:1      | Borgoz the Ghoul Gladiator began the quest for the Orb.
     0 | D:1      | Reached XP level 1. HP: 17/17 MP: 0/0
   173 | D:1      | Reached skill level 3 in Long Blades
   173 | D:1      | Reached XP level 2. HP: 19/25 MP: 1/1
   275 | D:1      | Reached XP level 3. HP: 19/30 MP: 2/2
   452 | D:1      | Reached skill level 1 in Armour
  1103 | D:1      | Found a sparkling altar of Nemelex Xobeh.
  1146 | D:2      | Reached XP level 4. HP: 19/37 MP: 3/3
  1652 | D:2      | Found a sacrificial altar of Ru.
  1762 | D:2      | Reached skill level 4 in Long Blades
  1762 | D:2      | Reached XP level 5. HP: 39/45 MP: 4/4
  2693 | D:3      | Found a sparkling altar of Nemelex Xobeh.
  2709 | D:3      | Noticed Grinder
  2733 | D:3      | Paralysed by Grinder for 7 turns
  2739 | D:3      | Slain by Grinder

Illustrated notes

Levels and vault maps discovered:
D:1:      dpeg_arrival_water_altar, layout_loops_ring, st_stairs_12
D:2:      layout_rooms, nicolae_ru_awakened_eye
D:3:      layout_basic, gammafunk_temple_overflow_forgotten,
          nemelex_altar_shiori, uniq_grinder

Skill      XL: |  1  2  3  4  5 |
---------------+----------------+-----
Long Blades    | 3 4 |  4.3
Armour         | 1 2 |  2.2
Fighting       | 3 |  3.5
Throwing       | |  1.7
Dodging        | |  2.6

Action                   |  1- 3 |  4- 6 || total
-------------------------+-------+-------++-------
Melee: Long sword        |    85 |   121 ||   206
Throw: Throwing net      |     1 |     2 ||     3
  Use: Potion            |     1 |     2 ||     3
       Scroll            |       |     1 ||     1
 Stab: Invisible         |       |     1 ||     1
       Held in net/web   |       |     1 ||     1
Armor: Leather armour    |    44 |    54 ||    98
Dodge: Dodged            |    89 |   122 ||   211
       Rpst.: Long sword |    26 |    43 ||    69

Table legend: (Time is in decaauts)
 A = Elapsed time spent in this place.
 B = Non-inter-level travel time spent in this place.
 C = Inter-level travel time spent in this place.
 D = Time resting spent in this place.
 E = Time spent auto-exploring this place.
 F = Levels seen in this place.
 G = Mean time per level.
                   A        B        C        D        E       F      G
               +--------+--------+--------+--------+--------+-----+--------+
         Total |   2787 |   2742 |     45 |   1152 |   1124 |   3 |  929.0 |
       Dungeon |   2787 |   2742 |     45 |   1152 |   1124 |   3 |  929.0 |
               +--------+--------+--------+--------+--------+-----+--------+

Top non-repeatable levels by time:
     D:1: 1155 daAuts
     D:2: 1140 daAuts
     D:3: 491 daAuts
